 Dungeon Crawl Stone Soup version 0.27.0-1-g7a089689b8 (webtiles) character file.

Game seed: 935011234122631377

281 Strat the Chopper (level 6, -15/52 HPs)
             Began as a Minotaur Gladiator on Aug 13, 2021.
             Demolished by an ogre (25 damage)
             ... on level 4 of the Dungeon.
             The game lasted 00:09:11 (1735 turns).

Strat the Chopper (Minotaur Gladiator)              Turns: 1735, Time: 00:09:11

Health: -15/52     AC: 13    Str: 21    XL:     6   Next: 6%
Magic:  5/5        EV: 12    Int:  5    God:
Gold:   139        SH:  0    Dex: 11    Spells: 5/5 levels left

rFire    + . .     SeeInvis .   a - +0 war axe
rCold    . . .     Faith    .   (no shield)
rNeg     . . .     Spirit   .   B - +3 chain mail
rPois    .         Reflect  .   c - +0 hat
rElec    .         Harm     .   m - +0 cloak
rCorr    .         Rampage  .   (no gloves)
Will     .....                  (no boots)
Stlth    ..........             (no amulet)
HPRegen  0.17/turn              j - +4 ring of evasion
MPRegen  0.09/turn              v - ring of protection from fire

@: no status effects
A: horns 2, retaliatory headbutt
a: no special abilities


You were on level 4 of the Dungeon.
You visited 1 branch of the dungeon, and saw 4 of its levels.

You collected 139 gold pieces.

Inventory:

Hand Weapons
 a - a +0 war axe (weapon)
 b - a +0 hunting sling
 y - the +6 flail of the Morning {antimagic, *Rage rElec Str+7 Dex-5}
   (You found it on level 4 of the Dungeon)

   It reduces the magical energy of the wielder, and disrupts the spells and
   magical abilities of those it strikes.
   Natural abilities and divine invocations are not affected.
   Str:       It affects your strength (+7).
   Dex:       It affects your dexterity (-5).
   rElec:     It insulates you from electricity.
   *Rage:     It may make you go berserk in combat.
Missiles
 d - 4 throwing nets (quivered)
 h - 148 stones
 i - 39 sling bullets
 n - 4 boomerangs
Armour
 c - a +0 hat (worn)
 g - a +0 ring mail
 m - a +0 cloak (worn)
 p - a +0 chain mail
 x - a +0 leather armour
 B - a +3 chain mail (worn)
Jewellery
 j - a +4 ring of evasion (left hand)
 v - a ring of protection from fire (right hand)
Scrolls
 e - 3 scrolls of identify {unknown}
 f - 2 scrolls of amnesia {unknown}
 k - 2 scrolls of acquirement {unknown}
 l - 2 scrolls of fog {unknown}
 o - a scroll of vulnerability {unknown}
 t - a scroll of enchant armour {unknown}
 z - a scroll of fear {unknown}
Potions
 q - a potion of attraction {unknown}
 r - a potion of lignification {unknown}
 s - a potion of heal wounds {unknown}
 u - a potion of brilliance {unknown}
 w - a potion of curing {unknown}
 A - a potion of berserk rage {unknown}


   Skills:
 - Level 4.0 Fighting
 + Level 6.2 Axes
 - Level 2.0 Throwing
 - Level 4.0 Armour
 - Level 3.2 Dodging


You had 5 spell levels left.
You didn't know any spells.
Your spell library contained the following spells:

 Spells                   Type           Power      Damage    Failure   Level
 Inner Flame              Hex/Fire       0%         N/A       100%        3
 Cause Fear               Hex            0%         N/A       100%        4
 Fulminant Prism          Conj/Hex       0%         3d6       100%        4
 Iskenderun's Mystic Bla  Conj/Tloc      0%         2d3       100%        4
 Lee's Rapid Deconstruct  Erth           0%         3d5*      100%        5
 Discord                  Hex            0%         N/A       100%        8


Dungeon Overview and Level Annotations

Branches:
Dungeon (4/15)
 Temple: D:4-7

Altars:


Innate Abilities, Weirdness & Mutations

You have a pair of horns on your head.
You reflexively headbutt those who attack you in melee.


Message History

The ball python bites you but does no damage.
The ball python constricts you.
You slash the ball python!
You kill the ball python!
A kobold comes into view. It is wielding a +0 short sword.
The kobold shouts!
You see here 6 gold pieces.
You now have 139 gold pieces (gained 6).
You closely miss the kobold. The kobold barely misses you.
An ogre comes into view. It is wielding a +0 giant club.
You closely miss the kobold.
The ogre shouts!
The kobold hits you but does no damage.
You slash the kobold!
You kill the kobold!
Things that are here:
a +0 short sword; 2 stones; a kobold corpse The ogre hits you with a +0 giant club!
* * * LOW HITPOINT WARNING * * *
You hit the ogre but do no damage. The ogre barely misses you.
You closely miss the ogre. The ogre hits you with a +0 giant club.
* * * LOW HITPOINT WARNING * * *
You hit the ogre. You headbutt the ogre.
The ogre is moderately wounded.
The ogre hits you with a +0 giant club!!
* * * LOW HITPOINT WARNING * * *
You hit the ogre but do no damage.
The ogre is moderately wounded.
The ogre closely misses you. You furiously retaliate!
You headbutt the ogre. You barely miss the ogre.
The ogre is moderately wounded.
The ogre barely misses you.
You slash the ogre!
The ogre is severely wounded.
The ogre hits you with a +0 giant club.
* * * LOW HITPOINT WARNING * * *
You barely miss the ogre.
The ogre is severely wounded.
The ogre hits you with a +0 giant club!!
You die...

###### #.....
#.##.. #.. #.. #..
# #.#####.#
....##########
#.#...#.
......O@)....#
#.#...#.
....########.#
#.#...#. #
#.###.#...# .
..###.....#...###
..................
#.
...##.######...##.
#.# . #.
.......... #.# #.
....####... ###.#
#...### #+##


You could see an ogre.

Vanquished Creatures
  Crazy Yiuf (D:2)
  A bullfrog skeleton (D:4)
  Robin (D:3)
  7 gnolls
  2 adders
  2 worms (D:3)
  2 dart slugs (D:3)
  10 orcs
  5 bats
  4 endoplasms
  A giant cockroach (D:1)
  16 goblins
  16 hobgoblins
  4 jackals (D:4)
  11 kobolds
  4 quokkas
  8 ball pythons
  6 frilled lizards
  3 rats
104 creatures vanquished.

Notes
Turn   | Place    | Note
-------+----------+-------------------------------------------
     0 | D:1      | Strat the Minotaur Gladiator began the quest for the Orb.
     0 | D:1      | Reached XP level 1. HP: 18/18 MP: 0/0
    55 | D:1      | Reached skill level 4 in Axes
   104 | D:1      | Reached XP level 2. HP: 18/25 MP: 1/1
   372 | D:2      | Reached skill level 5 in Axes
   394 | D:2      | Reached XP level 3. HP: 30/30 MP: 2/2
   492 | D:2      | Found a runed translucent door.
   493 | D:2      | Noticed Crazy Yiuf
   500 | D:2      | Killed Crazy Yiuf
   824 | D:2      | Reached skill level 6 in Axes
   824 | D:2      | Reached XP level 4. HP: 29/37 MP: 3/3
   843 | D:2      | Reached skill level 1 in Armour
   978 | D:3      | Reached XP level 5. HP: 18/45 MP: 4/4
  1220 | D:3      | Noticed Robin
  1237 | D:3      | Killed Robin
  1443 | D:4      | Identified the +6 flail of the Morning {antimagic, *Rage
                  | rElec Str+7 Dex-5}
  1610 | D:4      | Reached XP level 6. HP: 36/52 MP: 5/5
  1735 | D:4      | Demolished by an ogre

Illustrated notes

Levels and vault maps discovered:
D:1:      psy_arrival_radial01, layout_basic
D:2:      layout_loops_cross, uniq_crazy_yiuf_cottage
D:3:      layout_basic, grunt_decor_resistance, nrook_mini_vaults, uniq_robin
D:4:      corexii_shantytown, layout_basic, serial_shops, nicolae_square_shop

Skill      XL: |  1  2  3  4  5 |
---------------+----------------+-----
Axes           | 4 5 6 |  6.2
Armour         | 2 4 |  4.0
Fighting       | 3 4 |  4.0
Throwing       | |  2.0
Dodging        | |  3.2

Action                   |  1- 3 |  4- 6 || total
-------------------------+-------+-------++-------
Melee: War axe           |    59 |   138 ||   197
       Headbutt          |    13 |    26 ||    39
 Fire: Hunting sling     |       |     2 ||     2
Throw: Throwing net      |     1 |       ||     1
Armor: Leather armour    |     7 |       ||     7
       Ring mail         |     7 |       ||     7
       Chain mail        |     8 |    63 ||    71
Dodge: Dodged            |    50 |    80 ||   130
